 Dungeon Crawl Stone Soup version 0.31-a0-182-gc5ef74bbde (webtiles) character file.

Game seed: 18239399592212930078

2 Maxmaps the Shooter (level 1, 0/16 HPs)
             Began as a Demonspawn Hunter on June 20, 2023.
             Slain by a jackal (1 damage)
             ... on level 1 of the Dungeon.
             The game lasted 00:00:12 (40 turns).

Maxmaps the Shooter (Demonspawn Hunter)               Turns: 40, Time: 00:00:13

Health: 0/16       AC:  3    Str: 11    XL:     1   Next: 33%
Magic:  1/1        EV: 11    Int: 10    God:
Gold:   10         SH:  0    Dex: 16    Spells: 0/0 levels left

rFire   . . .        (no weapon)
rCold   . . .        (no shield)
rNeg    . . .        c - +0 leather armour
rPois   .            (no helmet)
rElec   .            (no cloak)
rCorr   .            (no gloves)
SInv    .            (no boots)
Will    .....        (no amulet)
Stlth   +            (no ring)
HPRegen 0.22/turn    (no ring)
MPRegen 0.07/turn

%: no passive effects
@: no status effects
A: no striking features
a: no special abilities


You were on level 1 of the Dungeon.
You visited 1 branch of the dungeon, and saw 1 of its levels.

You collected 10 gold pieces.

Inventory:

Hand Weapons
 a - a +0 shortbow
Armour
 c - a +0 leather armour (worn)
Scrolls
 b - a scroll of butterflies
 e - a scroll of teleportation {unknown}
Potions
 d - a potion of haste {unknown}


   Skills:
 - Level 2.0 Fighting
 + Level 3.7 Ranged Weapons
 - Level 1.7 Dodging
 - Level 0.8 Stealth


You couldn't memorise any spells.
You didn't know any spells.
Your spell library was empty.

Dungeon Overview and Level Annotations

Branches:
Dungeon (1/15)

Altars:


Message History

Unknown command.
Attack: -) Nothing wielded
Press: ? - help, Dir - move target, f/p - jackal
Aim: a jackal (moderately wounded, about 47% to evade your hands)
You barely miss the jackal.
The jackal is moderately wounded.
The jackal closely misses you.
The jackal bites you but does no damage.
The jackal barely misses you. The jackal completely misses you.
Attack: -) Nothing wielded
Press: ? - help, Dir - move target, f/p - jackal
Aim: a jackal (moderately wounded, about 47% to evade your hands)
You barely miss the jackal.
The jackal is moderately wounded.
The jackal bites you. x2
* * * LOW HITPOINT WARNING * * *
Attack: -) Nothing wielded
Press: ? - help, Dir - move target, f/p - jackal
Aim: a jackal (moderately wounded, about 47% to evade your hands)
You hit the jackal.
The jackal is severely wounded.
The jackal barely misses you. The jackal completely misses you.
Unknown command.
Attack: -) Nothing wielded
Press: ? - help, Dir - move target, f/p - jackal
Aim: a jackal (severely wounded, about 47% to evade your hands)
You closely miss the jackal.
The jackal is severely wounded.
The jackal bites you.
* * * LOW HITPOINT WARNING * * *
The jackal bites you.
* * * LOW HITPOINT WARNING * * *
The jackal bites you but does no damage. x2
Attack: -) Nothing wielded
Press: ? - help, Dir - move target, f/p - jackal
Aim: a jackal (heavily wounded, about 47% to evade your hands)
You barely miss the jackal.
The jackal is heavily wounded.
The jackal bites you.
You die...

###.....#
#.....###
#...###
#...# #÷..##
##...÷##
#..##..#
#..##..#
#@.....#
#.hh.....#
#........###
#........#
..........#
...........#
.#.##+######
#.


You could see 2 jackals.

Vanquished Creatures
  2 jackals (D:1)
2 creatures vanquished.

Notes
Turn   | Place    | Note
-------+----------+-------------------------------------------
     0 | D:1      | Maxmaps the Demonspawn Hunter began the quest for the Orb.
     0 | D:1      | Reached XP level 1. HP: 16/16 MP: 1/1
    40 | D:1      | Slain by a jackal

Illustrated notes

Levels and vault maps discovered:
D:1:      amcnicky_arrival_wind_blow, layout_basic

Action                     || total
---------------------------++-------
  Melee: Unarmed           ||    10
   Fire: Shortbow          ||     7
 Armour: Leather armour    ||     8
  Dodge: Dodged            ||    20

Table legend: (Time is in decaauts)
 A = Elapsed time spent in this place.
 B = Non-inter-level travel time spent in this place.
 C = Inter-level travel time spent in this place.
 D = Time resting spent in this place.
 E = Time spent auto-exploring this place.
 F = Levels seen in this place.
 G = Mean time per level.
                   A        B        C        D        E       F      G
               +--------+--------+--------+--------+--------+-----+--------+
         Total |     41 |     41 |      0 |      0 |     18 |   1 |   41.0 |
       Dungeon |     41 |     41 |      0 |      0 |     18 |   1 |   41.0 |
               +--------+--------+--------+--------+--------+-----+--------+

Top non-repeatable levels by time:
     D:1: 41 daAuts
